 Dungeon Crawl Stone Soup version 0.31-a0-1005-gfbdfbac (webtiles) character file.

Game seed: 6082837851441430890

29 Partyfoot the Trooper (level 3, 29/29 HPs)
             Began as a Demonspawn Fighter on Nov 11, 2023.
             Was a Follower of Cheibriados.
             Quit the game on level 1 of the Dungeon.
             The game lasted 00:01:49 (588 turns).

Partyfoot the Trooper (Demonspawn Fighter)           Turns: 588, Time: 00:01:49

Health: 29/29      AC:  7    Str: 20    XL:     3   Next: 1%
Magic:  3/3        EV:  9    Int: 11    God:    Cheibriados [*.....]
Gold:   46         SH:  5    Dex: 14    Spells: 2/2 levels left

rFire   . . .        a - +0 trident
rCold   . . .        c - +0 buckler
rNeg    . . .        b - +0 scale mail
rPois   .            i - +0 helmet
rElec   .            (no cloak)
rCorr   .            (no gloves)
SInv    .            (no boots)
Will    .....        e - amulet of guardian spirit Stlth
                     (no ring)
HPRegen 0.24/turn    (no ring)
MPRegen 0.08/turn

%: guardian spirit
@: very slow
A: claws 1, demonic magic 1
a: Renounce Religion, Bend Time


You were on level 1 of the Dungeon.
You worshipped Cheibriados.
Cheibriados was aware of your devotion.
You visited 1 branch of the dungeon, and saw 1 of its levels.

You collected 46 gold pieces.

Inventory:

Hand Weapons
 a - a +0 trident (weapon)
Armour
 b - a +0 scale mail (worn)
 c - a +0 buckler (worn)
 i - a +0 helmet (worn)
Jewellery
 e - an amulet of guardian spirit (around neck)
Scrolls
 g - a scroll of enchant weapon {unknown}
 h - 2 scrolls of brand weapon {unknown}
Potions
 d - a potion of might
 f - a potion of curing {unknown}


   Skills:
 + Level 3.4 Fighting
 + Level 2.3 Polearms
 - Level 2.6 Armour
 + Level 3.1 Shields


You had 2 spell levels left.
You didn't know any spells.
Your spell library was empty.

Dungeon Overview and Level Annotations

Branches:
Dungeon (1/15)

Altars:
Cheibriados


Innate Abilities, Weirdness & Mutations

You have sharp fingernails.
Spells you cast may paralyse adjacent enemies.


Message History

The goblin hits you with a +0 dagger.
You hit the goblin.
The goblin is severely wounded.
The goblin hits you but does no damage. x2
You hit the goblin.
The goblin is almost dead.
The goblin hits you but does no damage.
You closely miss the goblin.
The goblin is almost dead.
The goblin hits you with a +0 dagger.
You closely miss the goblin.
The goblin is almost dead.
The goblin barely misses you.
You puncture the goblin!
You kill the goblin!
You have reached level 3!
Your experience leads to an increase in your attributes!
Increase (S)trength, (I)ntelligence, or (D)exterity?
You feel stronger. x2; Your demonic ancestry asserts itself...
A menacing aura infuses your magic.
A rat comes into view.
Found a metallic pink potion.
You reach to attack!
You puncture the rat!
You kill the rat!
No target in view!
No target in view!
There is a faded altar of an unknown god here.
You see here a rat corpse.
This altar belongs to (a) Cheibriados, (b) Qazlal or (c) Ignis, but you can't tell which.
Press the corresponding letter to learn more about a god, or press enter to convert or escape to cancel.
Cheibriados accepts your prayer! Cheibriados welcomes you!
Cheibriados begins to support your attributes as your movement slows.
Cheibriados is now slowing the effects of poison on you.
You can now bend time to slow others.
Cheibriados raises the support of your attributes as your movement slows.
Unknown command.
Press < or > to pray at altars.
Unknown command.
Press < or > to pray at altars.
Are you sure you want to abandon this character and quit the game? (Confirm with "yes".)

#.##...##.######..#...
#...P..P## ##..###
###....P.P### ##.# #
#.#..PP...#.# #.#
#PP.......########.#
#P.....).P#........#
#.P......P#######..#
#.......PP# #..##
#####@##### #...#
#...P.!...# ##..#
#.....PP..# ##.##
#....P....# #.#.
#......PP.# ..#####..
#.#.P....P#.. ........#
###..P....#............
#.....PP# ....#######


There were no monsters in sight!

Vanquished Creatures
  2 ball pythons (D:1)
  3 endoplasms (D:1)
  2 giant cockroaches (D:1)
  4 goblins (D:1)
  A hobgoblin (D:1)
  4 jackals (D:1)
  2 kobolds (D:1)
  3 bats (D:1)
  2 frilled lizards (D:1)
  2 rats (D:1)
25 creatures vanquished.

Notes
Turn   | Place    | Note
-------+----------+-------------------------------------------
     0 | D:1      | Partyfoot the Demonspawn Fighter began the quest for the
                  | Orb.
     0 | D:1      | Reached XP level 1. HP: 18/18 MP: 1/1
    95 | D:1      | Gained mutation: You have sharp fingernails. [demonic
                  | ancestry]
    95 | D:1      | Reached XP level 2. HP: 24/24 MP: 2/2
   421 | D:1      | Found a faded altar of an unknown god.
   569 | D:1      | Gained mutation: Spells you cast may paralyse adjacent
                  | enemies. [demonic ancestry]
   569 | D:1      | Reached XP level 3. HP: 27/29 MP: 1/3
   587 | D:1      | Prayed at the altar of an unknown god.
   587 | D:1      | Became a worshipper of Cheibriados the Contemplative
   587 | D:1      | Reached * piety under Cheibriados
   588 | D:1      | Quit the game

Illustrated notes

Levels and vault maps discovered:
D:1:      lemuel_arrival_funnel, layout_rooms, shapermc_ecumenical_altar_gd

Skill      XL: |  1  2 |
---------------+-------+-----
Polearms       | 2 |  2.3
Shields        | 3 |  3.1
Fighting       | |  3.4
Armour         | |  2.6

Action                     || total
---------------------------++-------
  Melee: Trident           ||    90
 Armour: Scale mail        ||    91
  Dodge: Dodged            ||    52
  Block: Buckler           ||    23

Table legend: (Time is in decaauts)
 A = Elapsed time spent in this place.
 B = Non-inter-level travel time spent in this place.
 C = Inter-level travel time spent in this place.
 D = Time resting spent in this place.
 E = Time spent auto-exploring this place.
 F = Levels seen in this place.
 G = Mean time per level.
                   A        B        C        D        E       F      G
               +--------+--------+--------+--------+--------+-----+--------+
         Total |    609 |    594 |     15 |     84 |    325 |   1 |  609.0 |
       Dungeon |    609 |    594 |     15 |     84 |    325 |   1 |  609.0 |
               +--------+--------+--------+--------+--------+-----+--------+

Top non-repeatable levels by time:
     D:1: 609 daAuts
